 Dungeon Crawl Stone Soup version 0.28-a0-796-gd4f0d3f9b2 (webtiles) character file.

Game seed: 12413375678466781472

78 Decritt the Digger (level 4, -3/25 HPs)
             Began as a Gargoyle Earth Elementalist on Nov 6, 2021.
             Slain by Terence (10 damage)
             ... on level 2 of the Dungeon.
             The game lasted 00:11:17 (2414 turns).

Decritt the Digger (Gargoyle Earth Elementalist)    Turns: 2414, Time: 00:11:18

Health: -3/25      AC:  5    Str: 12    XL:     4   Next: 36%
Magic:  1/8        EV: 11    Int: 16    God:
Gold:   69         SH:  0    Dex: 10    Spells: 5/9 levels left

rFire   . . .      SeeInvis .   g - +0 dagger (holy)
rCold   . . .      Faith    .   (no shield)
rNeg    + . .      Spirit   .   b - +0 robe
rPois   ∞          Reflect  .   (no helmet)
rElec   +          Harm     .   (no cloak)
rCorr   .          Rampage  .   (no gloves)
Will    .....                   (no boots)
Stlth   ++........              (no amulet)
HPRegen 0.08/turn               (no ring)
MPRegen 0.11/turn               (no ring)

@: no status effects
A: sickness immunity, AC +3, negative energy resistance 1, electricity
resistance, torment resistance 1, petrification resistance
a: no special abilities


You were on level 2 of the Dungeon.
You visited 1 branch of the dungeon, and saw 2 of its levels.

You collected 69 gold pieces.

Inventory:

Hand Weapons
 e - a +0 dagger
 f - a +0 club
 g - a +0 dagger of holy wrath (weapon)
Missiles
 c - 25 stones
Armour
 b - a +0 robe (worn)
Jewellery
 j - a +6 ring of dexterity
Scrolls
 a - 2 scrolls of identify {unknown}
 i - a scroll of vulnerability {unknown}
Potions
 d - 2 potions of flight {unknown}
 h - 2 potions of curing {unknown}


   Skills:
 * Level 1.5 Fighting
 - Level 1.5 Dodging
 - Level 2.1 Stealth
 - Level 3.2 Spellcasting
 + Level 0.2 Conjurations
 - Level 0.7 Transmutations
 + Level 4.5 Earth Magic


You had 5 spell levels left.
You knew the following spells:

 Your Spells              Type           Power      Damage    Failure   Level
a - Sandblast             Erth           34%        2d9       2%          1
b - Stone Arrow           Conj/Erth      20%        3d8       21%         3

Your spell library contained the following spells:

 Spells                   Type           Power      Damage    Failure   Level
 Passwall                 Tmut/Erth      8%         N/A       10%         2
 Sting                    Tmut/Pois      12%        1d3       16%         1
 Summon Small Mammal      Summ           8%         N/A       19%         1
 Spider Form              Tmut/Pois      3%         N/A       43%         3
 Call Canine Familiar     Summ           2%         N/A       50%         3
 Summon Guardian Golem    Hex/Summ       2%         N/A       50%         3
 Petrify                  Tmut/Erth      10%        N/A       52%         4
 Flame Wave               Conj/Fire      2%         3d3       87%         4
 Sticky Flame             Conj/Fire      2%         2d3       87%         4


Dungeon Overview and Level Annotations

Branches:
Dungeon (2/15)

Altars:
Dithmenos

Annotations:
D:2 Terence


Innate Abilities, Weirdness & Mutations

You are immune to sickness and miasma.
Your stone body is resilient. (AC +3)
You are immune to poison.
You resist negative energy. (rN+)
You are resistant to electric shocks. (rElec)
You are resistant to unholy torment.
You are immune to petrification.


Message History

Confirm with . or Enter, or press ? or * to list all spells.
Aiming: Sandblast (safe; 2% risk of failure)
Press: ? - help, Shift-Dir - straight line, f/p - Terence
Aim: Terence, wielding a +0 flail and wearing a +0 chain mail (moderately wounded, 85% to hit)
The blast of sand hits Terence.
Terence is heavily wounded.
Terence misses you.
Casting: Sandblast (safe; 2% risk of failure)
Confirm with . or Enter, or press ? or * to list all spells.
Aiming: Sandblast (safe; 2% risk of failure)
Press: ? - help, Shift-Dir - straight line, f/p - Terence
Aim: Terence, wielding a +0 flail and wearing a +0 chain mail (heavily wounded, 85% to hit)
The blast of sand hits Terence.
Terence is heavily wounded.
Terence hits you with a +0 flail.
Casting: Sandblast (safe; 2% risk of failure)
Confirm with . or Enter, or press ? or * to list all spells.
Aiming: Sandblast (safe; 2% risk of failure)
Press: ? - help, Shift-Dir - straight line, f/p - Terence
Aim: Terence, wielding a +0 flail and wearing a +0 chain mail (heavily wounded, 85% to hit)
The blast of sand hits Terence but does no damage.
Terence is heavily wounded.
Terence hits you with a +0 flail.
Casting: Sandblast (safe; 2% risk of failure)
Confirm with . or Enter, or press ? or * to list all spells.
Aiming: Sandblast (safe; 2% risk of failure)
Press: ? - help, Shift-Dir - straight line, f/p - Terence
Aim: Terence, wielding a +0 flail and wearing a +0 chain mail (heavily wounded, 85% to hit)
The blast of sand hits Terence but does no damage.
Terence is heavily wounded.
Terence hits you with a +0 flail.
You closely miss Terence.
Terence is heavily wounded.
Terence hits you with a +0 flail.
* * * LOW HITPOINT WARNING * * *
You are too injured to fight recklessly!
You remove your +6 ring of dexterity.
You feel clumsy. Terence hits you with a +0 flail!
You die...

.......#####......##..##.......#
)####### ##.......#..........#
.### #.#.....####.......# ...#
#.#.....####....<..# ##.##
#.####....#........##
#..#########.# ##.....>....[.##
##†.......##.# ###.#.........###
########.##.###......#.....####
########.##..@@.##.#.........#.
#............#####.###....##..<
...#####..[.### #.# #.^..###..
#.##...## #.# #....##...
#.####..###..###..#...... ##.#
##.#<..###...##..... #..#
###@..### #......#.#.
#######.####...##### #.#..###.#.
....†..............###........#.


You could see Terence.

Vanquished Creatures
  Jessica (D:2)
  3 dart slugs (D:2)
  4 ball pythons
  3 bats (D:1)
  4 endoplasms
  3 giant cockroaches
  2 goblins
  6 hobgoblins
  4 kobolds
  5 quokkas
  2 frilled lizards
  2 rats (D:2)
39 creatures vanquished.

Notes
Turn   | Place    | Note
-------+----------+-------------------------------------------
     0 | D:1      | Decritt the Gargoyle Earth Elementalist began the quest for
                  | the Orb.
     0 | D:1      | Reached XP level 1. HP: 10/10 MP: 3/3
   284 | D:1      | Found a faded altar of an unknown god.
   310 | D:1      | Reached XP level 2. HP: 15/15 MP: 0/5
   796 | D:1      | Reached skill level 4 in Earth Magic
  1266 | D:2      | Noticed Jessica
  1269 | D:2      | Killed Jessica
  1270 | D:2      | Reached XP level 3. HP: 19/19 MP: 2/7
  1440 | D:2      | Reached XP level 4. HP: 24/24 MP: 5/8
  1500 | D:2      | Reached skill level 1 in Fighting
  1701 | D:2      | Found a shadowy altar of Dithmenos.
  1810 | D:2      | Learned a level 3 spell: Stone Arrow
  1897 | D:2      | Got the Almanac of Virous Heat
  1940 | D:2      | Noticed Terence
  2414 | D:2      | Slain by Terence

Illustrated notes

Levels and vault maps discovered:
D:1:      beargit_arrival_greenhouse, layout_basic,
          ebering_ecumenical_altar_abandoned
D:2:      layout_rooms, basic_altar, minmay_pentomino_x4, uniq_terence,
          uniq_jessica

Skill      XL: |  1  2  3  4 |
---------------+-------------+-----
Earth Magic    | 4 |  4.5
Spellcasting   | 3 |  3.2
Fighting       | 1 |  1.5
Dodging        | |  1.5
Stealth        | |  2.1
Conjurations   | |  0.2
Transmutations | |  0.7

Action                   |  1- 3 |  4- 6 || total
-------------------------+-------+-------++-------
Melee: Club              |     4 |       ||     4
       Dagger            |       |    38 ||    38
Throw: Throwing net      |       |     2 ||     2
 Cast: Sandblast         |    33 |    39 ||    72
Armor: Robe              |     2 |    24 ||    26
Dodge: Dodged            |     7 |    45 ||    52

Table legend: (Time is in decaauts)
 A = Elapsed time spent in this place.
 B = Non-inter-level travel time spent in this place.
 C = Inter-level travel time spent in this place.
 D = Time resting spent in this place.
 E = Time spent auto-exploring this place.
 F = Levels seen in this place.
 G = Mean time per level.
                   A        B        C        D        E       F      G
               +--------+--------+--------+--------+--------+-----+--------+
         Total |   2413 |   2413 |      0 |    590 |   1453 |   2 | 1206.5 |
       Dungeon |   2413 |   2413 |      0 |    590 |   1453 |   2 | 1206.5 |
               +--------+--------+--------+--------+--------+-----+--------+

Top non-repeatable levels by time:
     D:1: 1646 daAuts
     D:2: 766 daAuts
